 Dungeon Crawl Stone Soup version 0.27.1-33-g824d729ab1 (webtiles) character file.

Game seed: 792422159805807490

64 SeanCanFly the Firebug (level 3, -1/26 HPs)
             Began as a Draconian Fire Elementalist on Nov 25, 2021.
             Slain by Natasha (6 damage)
             ... on level 2 of the Dungeon.
             The game lasted 00:07:03 (2219 turns).

SeanCanFly the Firebug (DrFE)                       Turns: 2219, Time: 00:07:07

Health: -1/26      AC:  5    Str: 10    XL:     3   Next: 91%
Magic:  6/6        EV:  9    Int: 16    God:
Gold:   16         SH:  0    Dex: 11    Spells: 5/6 levels left

rFire    . . .     SeeInvis .   g - +0 dagger (freeze)
rCold    . . .     Faith    .   (no shield)
rNeg     . . .     Spirit   .   (armour unavailable)
rPois    .         Reflect  .   (helmet restricted)
rElec    .         Harm     .   (no cloak)
rCorr    .         Rampage  .   (no gloves)
Will     .....                  (no boots)
Stlth    +.........             (no amulet)
HPRegen  0.08/turn              (no ring)
MPRegen  0.10/turn              (no ring)

@: confused, ambrosia-drunk, attractive, constricted
A: AC +5, unfitting armour, cold-blooded
a: no special abilities


You were on level 2 of the Dungeon.
You visited 1 branch of the dungeon, and saw 2 of its levels.

You collected 16 gold pieces.

Inventory:

Hand Weapons
 g - a +0 dagger of freezing (weapon)
Scrolls
 b - 2 scrolls of noise {unknown}
 c - a scroll of fear {unknown}
 d - a scroll of blinking {unknown}
 f - a scroll of identify {unknown}


   Skills:
 + Level 2.2 Dodging
 - Level 1.7 Stealth
 + Level 2.4 Spellcasting
 + Level 1.9 Conjurations
 * Level 3.8 Fire Magic


You had 5 spell levels left.
You knew the following spells:

 Your Spells              Type           Power      Damage    Failure   Level
a - Foxfire               Conj/Fire      44%        2x1d6     6%          1

Your spell library contained the following spells:

 Spells                   Type           Power      Damage    Failure   Level
 Conjure Flame            Conj/Fire      11%        6-21      19%         3
 Inner Flame              Hex/Fire       8%         N/A       26%         3
 Sticky Flame             Conj/Fire      11%        2d3       52%         4
 Fireball                 Conj/Fire      5%         3d5       86%         5


Dungeon Overview and Level Annotations

Branches:
Dungeon (2/15)

Altars:

Annotations:
D:2 Natasha


Innate Abilities, Weirdness & Mutations

Your plain brown scales are hard. (AC +5)
You cannot fit into any form of body armour.
You are cold-blooded and may be slowed by cold attacks.


Message History

The goblin barely misses you.
The ball python bites you but does no damage.
The ball python constricts you.
You hit the goblin. You freeze the goblin.
You kill the goblin!
The ball python bites you but does no damage.
The ball python constricts you. Natasha barely misses you.
The goblin hits you but does no damage.
You hit the rat. You freeze the rat.
The rat is severely wounded.
The ball python bites you. The ball python constricts you. Natasha claws you.
The goblin barely misses you. The ball python closely misses you.
The ball python constricts you. The rat bites you.
You hit the rat but do no damage.
The rat is severely wounded.
Natasha barely misses you. The goblin hits you with a +0 club.
The ball python closely misses you. The ball python constricts you.
The rat bites you.
You closely miss the rat.
The rat is severely wounded.
Natasha claws you but does no damage. The goblin hits you with a +0 club.
* * * LOW HITPOINT WARNING * * *
The ball python bites you.
* * * LOW HITPOINT WARNING * * *
The ball python constricts you. The rat bites you but does no damage.
It was a potion of ambrosia.
You are confused.
You feel invigorated. Natasha barely misses you.
The goblin hits you with a +0 club.
* * * LOW HITPOINT WARNING * * *
The ball python bites you.
* * * LOW HITPOINT WARNING * * *
The ball python constricts you. The rat closely misses you.
It was a potion of attraction.
You feel attractive to monsters.
The ball python bites you but does no damage.
The ball python constricts you.
* * * LOW HITPOINT WARNING * * *
Natasha claws you.
You die...

..# # .. g. #.# . # #.#
..... #. .. .#.#..#### #..
#. .........### #...
#.###.###.##....
#.(..######..##...........
#.......h###.....#####.###
#......bg@r......# #†# #
.......lS#####...# #.# #
.....†..5# ##..## #.# #
.........# #...## #.##
.......... #.#..###..#
.........## ..#.##..###.#
.........# #....##.###.#
.........# ##......##.#
##.##)....##


You could see Natasha, a shadow imp (summoned), a goblin, a bat, a ball python,
a frilled lizard and a rat.

Vanquished Creatures
  An adder (D:2)
  2 dart slugs (D:1)
  3 bats
  5 endoplasms
  4 giant cockroaches
  7 goblins
  5 hobgoblins
  3 quokkas
  3 ball pythons
  6 frilled lizards
  4 kobolds
  3 rats (D:1)
46 creatures vanquished.

Vanquished Creatures (others)
  105 foxfires
105 creatures vanquished.

Grand Total: 151 creatures vanquished

Notes
Turn   | Place    | Note
-------+----------+-------------------------------------------
     0 | D:1      | SeanCanFly the Draconian Fire Elementalist began the quest
                  | for the Orb.
     0 | D:1      | Reached XP level 1. HP: 14/14 MP: 3/3
   523 | D:1      | Reached XP level 2. HP: 19/20 MP: 1/5
  1290 | D:1      | Reached XP level 3. HP: 26/26 MP: 3/6
  2205 | D:2      | Noticed Natasha
  2219 | D:2      | Slain by Natasha

Illustrated notes

Levels and vault maps discovered:
D:1:      erik_arrival_orb_chamber, layout_loops_ring,
          hangedman_decor_clover_reticule
D:2:      layout_rooms, minmay_goblin_outpost, uniq_natasha

Skill      XL: |  1  2 |
---------------+-------+-----
Dodging        | 2 |  2.2
Stealth        | |  1.7
Spellcasting   | |  2.4
Conjurations   | |  1.9
Fire Magic     | |  3.8

Action                   || total
-------------------------++-------
Melee: Unarmed           ||    38
       Dagger            ||     9
       Tailslap          ||     1
 Cast: Foxfire           ||    66
  Use: Potion            ||     2
Armor: Skin              ||    27
Dodge: Dodged            ||    59
